 Dungeon Crawl Stone Soup version 0.30.0-30-g96aa6591b8 (webtiles) character file.

Game seed: 17229198419326866038

318 booth the Conjurer (level 6, -13/47 HPs)
             Began as a Demonspawn Reaver on June 28, 2023.
             Mangled by an ogre
             ... wielding a +0 giant club
              (23 damage)
             ... on level 4 of the Dungeon.
             The game lasted 00:20:04 (3903 turns).

booth the Conjurer (Demonspawn Reaver)              Turns: 3903, Time: 00:20:04

Health: -13/47     AC:  7    Str: 14    XL:     6   Next: 21%
Magic:  10/10      EV: 12    Int: 18    God:
Gold:   167        SH:  0    Dex: 12    Spells: 3/11 levels left

rFire   . . .        a - +1 hand axe
rCold   . . .        (no shield)
rNeg    . . .        b - +0 leather armour
rPois   .            (no helmet)
rElec   .            (no cloak)
rCorr   +            (no gloves)
SInv    .            (no boots)
Will    .....        (no amulet) Stlth
                     f - ring of resist corrosion
HPRegen 0.27/turn    m - +4 ring of protection
MPRegen 0.12/turn

%: no passive effects
@: mighty, silenced (expiring)
A: big brain 2, demonic magic 1
a: no special abilities


You were on level 4 of the Dungeon.
You visited 1 branch of the dungeon, and saw 4 of its levels.

You collected 167 gold pieces.

Inventory:

Hand Weapons
 a - a +1 hand axe (weapon)
Missiles
 g - 2 poisoned darts (quivered)
Armour
 b - a +0 leather armour (worn)
Jewellery
 f - a ring of resist corrosion (left hand)
 i - a ring of magical power
 m - a +4 ring of protection (right hand)
Scrolls
 c - a scroll of fear {unknown}
 d - a scroll of amnesia
 e - 3 scrolls of teleportation


   Skills:
 + Level 3.3 Fighting
 + Level 3.6 Axes
 + Level 3.0 Dodging
 + Level 3.2 Spellcasting
 + Level 4.1 Conjurations


You had 3 spell levels left.
You knew the following spells:

 Your Spells              Type           Power      Damage    Failure   Level
a - Kiss of Death         Conj/Necr      40%        2d8       9%          1
b - Momentum Strike       Conj/Tloc      20%        3d8       13%         2
c - Hailstorm             Conj/Ice       10%        3d5       26%         3
d - Scorch                Fire           4%         2d5       30%         2

Your spell library contained the following spells:

 Spells                   Type           Power      Damage    Failure   Level
 Flame Wave               Conj/Fire      10%        2d6       65%         4
 Summon Cactus Giant      Summ           1%         N/A       100%        6


Dungeon Overview and Level Annotations

Branches:
Dungeon (4/15)
 Temple: D:4-7

Altars:
Dithmenos
Ru

Shops:
D:1 ?


Innate Abilities, Weirdness & Mutations

You have an extremely huge brain. (Int +4)
Spells you cast may paralyse adjacent enemies.


Message History

The ogre is caught in the net!
The orc hits you with a +0 flail.
The ogre struggles against the net.
Throw: 3 darts (poison)
Press: ? - help, Q - select action, (/) - cycle Shift-Dir - straight line, f/p - orc
Aim: an orc, wielding a +0 flail (silenced, 57% to hit)
You throw a poisoned dart. The poisoned dart hits the orc.
The orc is poisoned.
The orc closely misses you.
The ogre struggles against the net.
You hit the orc.
The orc is severely wounded.
The orc closely misses you.
The ogre struggles against the net. x2
The orc hits you with a +0 flail.
You barely miss the orc.
The orc is almost dead.
The orc barely misses you.
The ogre struggles against the net.
You closely miss the orc.
The orc is almost dead.
You kill the orc!
The ogre struggles against the net.
The ogre struggles against the net.
The net rips apart, and the ogre comes free!
The dart slug barely misses you.
There is an open door, spattered with blood here.
Items here: $ (( )) [ †.
You hit the ogre but do no damage. You barely miss the dart slug.
The ogre barely misses you.
You hit the ogre.
The ogre is lightly wounded.
You hit the dart slug. The dart slug launches a dart at you.
The slug dart misses you.
The ogre hits you with a +0 giant club!!
* * * LOW HITPOINT WARNING * * *
The dart slug launches a dart at you.
The slug dart hits you but does no damage.
You feel very mighty all of a sudden.
You cannot cast spells when silenced!
You slash the ogre!
The ogre is heavily wounded.
The ogre hits you with a +0 giant club!!
You die...

#########......#..........#§§§#
...............[........§#§#§#.
......#####.#.#..###...#.§§§§§§
..... #.......).....§#§#§#§
.... #...#############§§§# ...
#..).............#§#. ..
#..##############)... .
#..#......# #.... #..#@# ##
#.... ######).#O#..# #...#
.........w...# #....
.............# ###....
................. #.)....
...........###... #......
............. .. #......
...........### . #...##.
............ ##...##.


You could see an ogre and a dart slug.

Vanquished Creatures
  An ogre (D:4)
  A hound (D:3)
  An orc priest (D:4)
  A sleepcap (D:4)
  2 iguanas (D:4)
  3 adders
  2 worms
  A dart slug (D:2)
  2 orcs (D:4)
  2 ball pythons
  3 bats
  4 endoplasms
  4 giant cockroaches
  3 goblins
  4 hobgoblins
  4 quokkas
  6 frilled lizards
  8 kobolds
  13 rats
65 creatures vanquished.

Notes
Turn   | Place    | Note
-------+----------+-------------------------------------------
     0 | D:1      | booth the Demonspawn Reaver began the quest for the Orb.
     0 | D:1      | Reached XP level 1. HP: 16/16 MP: 3/3
   530 | D:1      | Gained mutation: You have an unusually large brain. (Int
                  | +2) [demonic ancestry]
   530 | D:1      | Reached XP level 2. HP: 22/22 MP: 5/5
   533 | D:1      | Learned a level 2 spell: Momentum Strike
   572 | D:1      | Found Taytiosm's Magic Scroll Shop.
  1339 | D:2      | Reached XP level 3. HP: 28/28 MP: 6/6
  1343 | D:2      | Learned a level 3 spell: Hailstorm
  2477 | D:3      | Found a sacrificial altar of Ru.
  2558 | D:3      | Gained mutation: You have an extremely huge brain. (Int +4)
                  | [demonic ancestry]
  2558 | D:3      | Reached XP level 4. HP: 22/34 MP: 7/7
  3504 | D:4      | Reached XP level 5. HP: 17/40 MP: 9/9
  3621 | D:4      | Found a shadowy altar of Dithmenos.
  3686 | D:4      | Noticed an ogre
  3714 | D:4      | Killed an ogre
  3715 | D:4      | Reached skill level 4 in Conjurations
  3792 | D:4      | Gained mutation: Spells you cast may paralyse adjacent
                  | enemies. [demonic ancestry]
  3792 | D:4      | Reached XP level 6. HP: 29/47 MP: 10/10
  3795 | D:4      | Learned a level 2 spell: Scorch
  3903 | D:4      | Mangled by an ogre

Illustrated notes

Levels and vault maps discovered:
D:1:      lightli_arrival_boilingwater, layout_loops_ring, serial_shops, shop,
          columned_hall_lemuel
D:2:      layout_basic, serial_bayou, serial_bayou_ford_a, serial_bayou_shore_a,
          serial_bayou_lagoon_b, serial_bayou_pond_d, minmay_rat_gold_closets
D:3:      layout_basic, lemuel_coloured_pillars_altar, gup_sewer_entry_bowl
D:4:      layout_basic, grunt_dithmenos_smoke_and_mirrors, minivault_4

Skill      XL: |  1  2  3  4  5 |
---------------+----------------+-----
Dodging        | 2 3 |  3.0
Axes           | 3 |  3.6
Fighting       | 3 |  3.3
Spellcasting   | 3 |  3.2
Conjurations   | 4 |  4.1

Action                     |  1- 3 |  4- 6 || total
---------------------------+-------+-------++-------
  Melee: Hand axe          |   132 |   116 ||   248
         Punch             |     4 |     1 ||     5
  Throw: Dart              |       |     4 ||     4
         Throwing net      |       |     2 ||     2
   Cast: Momentum Strike   |       |     1 ||     1
    Use: Scroll            |     5 |     3 ||     8
         Potion            |       |     3 ||     3
 Armour: Leather armour    |    34 |    27 ||    61
  Dodge: Dodged            |    65 |    74 ||   139
